 Dungeon Sprint DCSS version 0.30.1 (webtiles) character file.

Game seed: 13751986238993974469

234 boopmooplesden the Chopper (level 5, -4/48 HPs)
             Began as a Demonspawn Berserker on July 8, 2023.
             Was a Priest of Trog.
             Slain by a human (7 damage)
             ... in the Dungeon (Sprint III: "The Ten Rune Challenge").
             The game lasted 00:01:14 (713 turns).

boopmooplesden the Chopper (Demonspawn Berserker)    Turns: 713, Time: 00:01:14

Health: -4/48      AC:  3    Str: 20    XL:     5   Next: 75%
Magic:  5/5        EV: 13    Int:  8    God:    Trog [***...]
Gold:   47         SH:  0    Dex: 12    Spells: 4/4 levels left

rFire   . . .        i - +3 quarterstaff (chaos)
rCold   . . .        (shield currently unavailable)
rNeg    . . .        b - +0 animal skin
rPois   .            (no helmet)
rElec   .            j - +0 cloak
rCorr   .            (no gloves)
SInv    .            (no boots)
Will    .....        (no amulet)
Stlth   +            (no ring)
HPRegen 0.28/turn    (no ring)
MPRegen 0.09/turn

%: no teleportation
@: on berserk cooldown, slowed, very slow
A: claws 1, foul stench 1, spiny 1
a: Renounce Religion, Berserk, Trog's Hand


You were in the Dungeon.
You worshipped Trog.
Trog was most pleased with you.
You visited 1 branch You collected 47 gold pieces.

Inventory:

Hand Weapons
 a - a +0 hand axe
 i - a +3 quarterstaff of chaos (weapon)
Armour
 b - a +0 animal skin (worn)
 j - a +0 cloak (worn)
Scrolls
 h - a scroll of blinking
 k - a scroll of immolation {unknown}
 l - 3 scrolls of identify
 n - 2 scrolls of torment {unknown}
Potions
 e - 2 potions of haste
 f - 2 potions of magic
 g - a potion of berserk rage
 m - 3 potions of flight
 o - 4 potions of mutation


   Skills:
 + Level 7.3 Fighting
 + Level 7.8 Axes
 + Level 1.0 Staves
 + Level 3.7 Armour
 + Level 4.2 Dodging


You had 4 spell levels left.
You didn't know any spells.
Your spell library was empty.

Dungeon Overview and Level Annotations

Branches:
Dungeon (1/1)

Altars:
Dithmenos
Kikubaaqudgha
Okawaru
Ru
Sif Muna
Trog
Uskayaw
Vehumet
Wu Jian
Yredelemnul


Innate Abilities, Weirdness & Mutations

You have sharp fingernails.
You may rarely emit foul miasma when damaged in melee.
You are partially covered in sharp spines.


Message History

You are exhausted.
You feel yourself slow down. The human closely misses you.
The human is struck by your spines. The human hits you!
You hit the human.
The human is severely wounded.
The human is struck by your spines. The human hits you.
The human is struck by your spines. The human barely misses you.
The human hits you!
You emit a cloud of foul miasma!
The human misses you.
The human is engulfed in dark miasma.
The human is poisoned.
The human hits you!
* * * LOW HITPOINT WARNING * * *
The human attacks as you move away! The human hits you.
* * * LOW HITPOINT WARNING * * *
The human is engulfed in dark miasma.
The human looks even sicker.
The human seems to slow down.
The human is struck by your spines. The human barely misses you.
There is an open door here.
You feel much better.
The human is no longer moving slowly.
The human is struck by your spines. The human hits you!
The human is struck by your spines. The human hits you! The human hits you.
The human hits you!
* * * LOW HITPOINT WARNING * * *
Your black bear goes berserk!
You can no longer call in reinforcements.
The human hits you!
* * * LOW HITPOINT WARNING * * *
The human closely misses you.
You feel better. The human hits you.
* * * LOW HITPOINT WARNING * * *
You emit a cloud of foul miasma!
The human is engulfed in dark miasma.
The human looks even sicker.
The human is struck by your spines. The human hits you!
* * * LOW HITPOINT WARNING * * *
Your black bear closely misses the human. x2
Your black bear barely misses the human.
The human is engulfed in dark miasma.
The human looks as sick as possible!
The human closely misses you. The human attacks as you move away!
The human is struck by your spines. The human hits you!
You die...

▓▓▓▓ ▓▓▓ ...♣♣ ♣.#
######## ....♣♣ ♣♣.#
#___#__# ...♣.♣ ..#
#__)#._#
...~.♣♣♣♣.###+#p###)##
..~~♣..♣♣.#....h@....#
.~~~~♣..♣.'.⌠........#
.~≈≈~~~...#...######+#
~~≈~~~....#.⌠.#
~≈~~~.....#...#
~~~.......#'###
..........#)):#
.....÷....#___#
▓▓▓▓▓▓▓▓▓▓▓▓▓▓▓


You could see a human (berserk, extremely poisoned, ally target) and a friendly
black bear (summoned, berserk).

Vanquished Creatures
  A necrophage (D)
  A water elemental (D)
  Crazy Yiuf (D)
  A necromancer (D)
  A wizard (D)
  A kobold demonologist (D)
  A human (D)
  4 rats (D)
11 creatures vanquished.

Notes
Turn   | Place    | Note
-------+----------+-------------------------------------------
     0 | D        | boopmooplesden the Demonspawn Berserker began the quest for
                  | the Orb.
     0 | D        | Reached XP level 1. HP: 18/18 MP: 1/1
    13 | D        | Reached ** piety under Trog
    53 | D        | Gained mutation: You are partially covered in sharp spines.
                  | [demonic ancestry]
    53 | D        | Reached XP level 2. HP: 23/25 MP: 2/2
   133 | D        | Noticed Crazy Yiuf
   141 | D        | Killed Crazy Yiuf
   142 | D        | Reached skill level 5 in Axes
   142 | D        | Gained mutation: You may rarely emit foul miasma when
                  | damaged in melee. [demonic ancestry]
   142 | D        | Reached XP level 3. HP: 32/32 MP: 3/3
   183 | D        | Noticed a water elemental
   370 | D        | Killed a water elemental
   371 | D        | Reached skill level 5 in Fighting
   371 | D        | Gained mutation: You have sharp fingernails. [demonic
                  | ancestry]
   371 | D        | Reached XP level 4. HP: 40/40 MP: 4/4
   501 | D        | Found a basalt altar of Yredelemnul.
   501 | D        | Found a shadowy altar of Dithmenos.
   501 | D        | Found a sacrificial altar of Ru.
   501 | D        | Noticed a necrophage
   507 | D        | Killed a necrophage
   507 | D        | Reached *** piety under Trog
   508 | D        | Reached XP level 5. HP: 47/47 MP: 5/5
   596 | D        | Found a radiant altar of Vehumet.
   598 | D        | Found a shimmering blue altar of Sif Muna.
   598 | D        | Found an ancient bone altar of Kikubaaqudgha.
   602 | D        | Noticed a smoke demon
   602 | D        | Reached **** piety under Trog
   603 | D        | Reached skill level 1 in Staves
   699 | D        | Found a hide-covered altar of Uskayaw.
   699 | D        | Found an iron altar of Okawaru.
   701 | D        | Found a bloodstained altar of Trog.
   701 | D        | Found an ornate altar of the Wu Jian Council.
   701 | D        | Noticed a human
   701 | D        | Noticed a human
   713 | D        | Slain by a human

Illustrated notes

Levels and vault maps discovered:
D:        dungeon_sprint_mu [sprint_mu_entry_forest, sprint_mu_temple_rooms,
          sprint_mu_d1_spiders, sprint_mu_d2_genie, sprint_mu_d3_branching,
          sprint_mu_orc_legion, sprint_mu_elf_gauntlet, sprint_mu_hive_nellie,
          sprint_mu_lair_fedhas, sprint_mu_vaults_butterflies,
          sprint_mu_slime_circle, sprint_mu_swamp_cave, sprint_mu_shoals_kraken,
          sprint_mu_blade_basic, sprint_mu_crypt_lich, sprint_mu_tomb_spiral,
          sprint_mu_vestibule_basic, sprint_mu_gehenna_hellfire,
          sprint_mu_dis_giant, sprint_mu_tartarus_statrot,
          sprint_mu_cocytus_islands, sprint_mu_zot1]

Skill      XL: |  1  2  3  4  5 |
---------------+----------------+-----
Axes           | 4 5 6 7 |  7.8
Fighting       | 4 5 6 7 |  7.3
Armour         | 2 3 |  3.7
Dodging        | 2 3 4 |  4.2
Staves         | 1 |  1.0

Action                     |  1- 3 |  4- 6 || total
---------------------------+-------+-------++-------
  Melee: Hand axe          |    25 |       ||    25
         Quarterstaff      |     3 |    16 ||    19
 Invoke: Berserk           |     3 |     3 ||     6
         Brothers in Arms  |       |     1 ||     1
    Use: Potion            |       |     2 ||     2
 Armour: Animal skin       |     3 |     2 ||     5
  Dodge: Dodged            |    15 |    13 ||    28
